 Dungeon Crawl Stone Soup version 0.26.0-16-gc1dbca0489 (webtiles) character file.

Game seed: 17037561604291789715

5144 hawla the Thaumaturge (level 10, 0/71 HPs)
             Began as a Purple Draconian Conjurer on Jan 21, 2021.
             Was a Believer of Vehumet.
             Slain by a death yak (15 damage)
             ... on level 10 of the Dungeon.
             The game lasted 00:33:24 (12069 turns).

hawla the Thaumaturge (Purple Draconian Conjurer)  Turns: 12069, Time: 00:33:25

Health: 0/71       AC: 10    Str: 10    XL:     10   Next: 33%
Magic:  24/25      EV: 13    Int: 22    God:    Vehumet [**....]
Gold:   278        SH:  0    Dex: 18    Spells: 24/31 levels left

rFire    . . .     SeeInvis .   d - staff of earth
rCold    . . .     Faith    .   (no shield)
rNeg     . . .     Spirit   .   (armour unavailable)
rPois    .         Reflect  .   s - +2 hat
rElec    .         Harm     .   h - scarf {repulsion}
rCorr    .         Rampage  .   t - +0 pair of gloves {Dex+3}
Will     +....                  (no boots)
Stlth    ++........             i - amulet of the acrobat
HPRegen  0.21/turn              p - +6 ring of dexterity
MPRegen  0.19/turn              (no ring)

@: repel missiles
A: breathe power, unfitting armour, big wings, blurry vision 1, screaming 1,
cold-blooded, AC +7
a: Breathe Dispelling Energy, Fly, Renounce Religion


You were on level 10 of the Dungeon.
You worshipped Vehumet.
Vehumet was pleased with you.
You visited 2 branches of the dungeon, and saw 11 of its levels.
You also visited: Sewer.

You collected 491 gold pieces.
You spent 213 gold pieces at shops.

Inventory:

Missiles
 j - 8 boomerangs (quivered)
Armour
 h - a scarf of repulsion (worn)
 s - a +2 hat (worn)
 t - a +0 pair of gloves of dexterity (worn)
Magical Staves
 d - an uncursed staff of earth (weapon)
Jewellery
 i - an amulet of the acrobat (around neck)
 p - a +6 ring of dexterity (left hand)
Wands
 a - a wand of flame (24)
 b - a wand of iceblast (14)
 c - a wand of acid (7)
 g - a wand of polymorph (4)
Scrolls
 e - a scroll of teleportation
 f - a scroll of magic mapping
 k - a scroll of fear
 u - 2 scrolls of remove curse
 v - 4 scrolls of identify
Potions
 l - a potion of haste
 m - a potion of heal wounds
 n - 6 potions of flight
 o - 3 potions of curing
 q - a potion of resistance
 r - a potion of ambrosia


   Skills:
 - Level 1.0 Fighting
 + Level 7.2 Staves
 - Level 2.0 Dodging
 - Level 2.0 Stealth
 + Level 11.0 Spellcasting
 - Level 6.9 Conjurations
 - Level 5.4 Translocations
 + Level 2.2 Fire Magic
 + Level 3.1 Evocations


You had 24 spell levels left.
You knew the following spells:

 Your Spells              Type           Power        Failure   Level
a - Magic Dart            Conj           100%         1%          1
b - Searing Ray           Conj           84%          1%          2
c - Iskenderun's Mystic   Conj/Tloc      39%          4%          4

Your spell library contained the following spells:

 Spells                   Type           Power        Failure   Level
 Foxfire                  Conj/Fire      100%         1%          1
 Gell's Gravitas          Tloc           17%          1%          3
 Dazzling Flash           Conj/Hex       54%          3%          3
 Fulminant Prism          Conj/Hex       13%          13%         4
 Confusing Touch          Hex            12%          16%         3
 Petrify                  Tmut/Erth      18%          47%         4
 Metabolic Englaciation   Hex/Ice        6%           83%         5
 Yara's Violent Unravell  Hex/Tmut       6%           83%         5


Dungeon Overview and Level Annotations

Branches:
Dungeon (10/15)            Temple (1/1) D:6            Lair (0/6) D:10
  Sewer (visited)
    Orc: D:9-12

Altars:
Ashenzari
Cheibriados
Dithmenos
Elyvilon
Fedhas
Gozag
Hepliaklqana
Kikubaaqudgha
Makhleb
Nemelex Xobeh
Okawaru
Qazlal
Ru
Sif Muna
Trog
Uskayaw
Vehumet
Wu Jian
Xom
Yredelemnul
Zin
The Shining One

Shops:
D:5 ((?*   D:8 *   D:9 *


Innate Abilities, Weirdness & Mutations

You can breathe bolts of dispelling energy.
Your rich purple scales are hard. (AC +7)
You cannot fit into any form of body armour.
You are cold-blooded and may be slowed by cold attacks.
Your large and strong wings let you fly indefinitely.
Scrolls take you a little longer to read.
You occasionally shout uncontrollably at your foes.


Message History

Vehumet accepts your kill.
You feel your power returning.
The mystic blast hits the death yak.
The death yak is lightly wounded.
The mystic blast hits the death yak!
The death yak is lightly wounded.
The mystic blast hits the death yak but does no damage.
The mystic blast hits the killer bee.
The killer bee is almost dead.
The killer bee is knocked back by the mystic blast.
The killer bee slams into the rock wall!
You kill the killer bee!
Vehumet accepts your kill.
You feel your power returning.
The mystic blast hits the killer bee!
You kill the killer bee!
Vehumet accepts your kill. The death yak gores you!
* * * LOW HITPOINT WARNING * * *
An ufetubus comes into view.
The death yak barely misses you. The death yak gores you!
You die...

# #. ###
#.# #.5 ..
..# #>#
....#.#
#.#
......Y#.#
#@†#
#YY......
#..$#####
#.....
#..#...
#.#......
#... .)..
#....#.>.


You could see 3 death yaks and an ufetubus.

Vanquished Creatures
  Pikel (D:5)
  A troll (D:9)
  A wyvern (D:9)
  A water moccasin (D:7)
  Duvessa (D:5)
  A black bear (D:9)
  2 orc warriors
  3 sky beasts
  2 phantoms
  3 ice beasts
  4 ogres
  2 centaurs
  Blork the orc (D:4)
  A big kobold (Sewer)
  5 bullfrogs
  Dowan (D:5)
  2 scorpions (D:7)
  14 killer bees
  3 wights (D:6)
  3 howler monkeys (D:9)
  A jelly (D:8)
  2 bullfrog zombies
  A quasit (D:7)
  6 orc priests
  Crazy Yiuf (D:6)
  A hound (D:4)
  11 orc wizards
  3 centaur skeletons
  A gnoll shaman (D:6)
  6 worker ants
  2 iguanas
  A hound skeleton (D:5)
  A howler monkey zombie (D:5)
  A worker ant zombie (D:5)
  3 gnolls (D:6)
  A howler monkey skeleton (D:8)
  4 adders
  A river rat (Sewer)
  3 shadow imps
  A white imp (D:8)
  3 ufetubi
  2 oozes
  An adder skeleton (D:7)
  A worm (D:4)
  A dart slug (D:2)
  5 leopard geckos
  27 orcs
  11 giant cockroaches
  8 goblins
  4 hobgoblins
  13 jackals
  14 kobolds
  6 quokkas
  4 ball pythons
  8 bats
  8 frilled lizards
  3 leopard gecko zombies
  A quokka zombie (D:6)
  15 rats
238 creatures vanquished.

Vanquished Creatures (others)
  17 foxfires (D:8)
  7 plants (D:4)
24 creatures vanquished.

Grand Total: 262 creatures vanquished

Notes
Turn   | Place    | Note
-------+----------+-------------------------------------------
     0 | D:1      | hawla the Draconian Conjurer began the quest for the Orb.
     0 | D:1      | Reached XP level 1. HP: 14/14 MP: 3/3
   281 | D:1      | Reached skill level 1 in Fighting
   281 | D:1      | Reached XP level 2. HP: 23/23 MP: 3/5
   846 | D:1      | Learned a level 2 spell: Searing Ray
  1540 | D:2      | Reached XP level 3. HP: 28/28 MP: 2/7
  1624 | D:2      | Reached skill level 3 in Spellcasting
  1958 | D:2      | Found a glowing silver altar of Zin.
  2572 | D:3      | Found a glowing drain.
  2583 | Sewer    | Entered a sewer
  2664 | Sewer    | Noticed a big kobold
  2718 | Sewer    | Killed a big kobold
  2719 | Sewer    | Reached skill level 4 in Spellcasting
  2719 | Sewer    | Reached XP level 4. HP: 18/35 MP: 2/10
  2724 | Sewer    | Learned a level 4 spell: Iskenderun's Mystic Blast
  2975 | Sewer    | Found a white marble altar of Elyvilon.
  3213 | D:3      | Reached XP level 5. HP: 40/40 MP: 3/11
  3541 | D:4      | Reached skill level 1 in Translocations
  3656 | D:4      | Reached XP level 6. HP: 43/47 MP: 4/13
  4619 | D:4      | Reached skill level 5 in Conjurations
  5160 | D:4      | Noticed Blork the orc
  5168 | D:4      | Killed Blork the orc
  5169 | D:4      | Reached skill level 5 in Spellcasting
  5649 | D:5      | Entered Level 5 of the Dungeon
  5654 | D:5      | Noticed Dowan
  5656 | D:5      | Your scales start taking on a rich purple colour.
  5656 | D:5      | Reached skill level 6 in Spellcasting
  5656 | D:5      | Reached XP level 7. HP: 49/52 MP: 6/16
  5657 | D:5      | Noticed Duvessa
  5746 | D:5      | Killed Dowan
  5765 | D:5      | HP: 2/52 [hound skeleton (1)]
  6176 | D:5      | Noticed Pikel
  6194 | D:5      | Killed Pikel
  6195 | D:5      | Reached skill level 7 in Spellcasting
  6195 | D:5      | Reached skill level 5 in Translocations
  6195 | D:5      | Reached XP level 8. HP: 37/59 MP: 1/18
  6499 | D:5      | Killed Duvessa
  6759 | D:5      | Found Ryffeorph's Weapon Emporium.
  6761 | D:5      | Bought a +0 quarterstaff for 52 gold pieces
  6769 | D:5      | Found Puitwath's Antique Weapon Emporium.
  6779 | D:5      | Found Kuanusop's Magic Scroll Shoppe.
  6937 | D:5      | Found Xileidis's General Store.
  7070 | D:6      | Reached skill level 1 in Staves
  7285 | D:6      | Reached skill level 8 in Spellcasting
  7466 | D:6      | Found a bloodstained altar of Trog.
  7466 | D:6      | Found a shimmering blue altar of Sif Muna.
  7467 | D:6      | Found a shadowy altar of Dithmenos.
  7468 | D:6      | Found a hazy altar of Hepliaklqana.
  7468 | D:6      | Found a stormy altar of Qazlal.
  7468 | D:6      | Found a snail-covered altar of Cheibriados.
  7469 | D:6      | Found a radiant altar of Vehumet.
  7508 | D:6      | Became a worshipper of Vehumet
  7601 | D:6      | Found a staircase to the Ecumenical Temple.
  7642 | Temple   | Entered the Ecumenical Temple
  8037 | D:6      | Found a runed translucent door.
  8038 | D:6      | Noticed Crazy Yiuf
  8142 | D:6      | Reached XP level 9. HP: 62/64 MP: 17/21
  8452 | D:6      | Killed Crazy Yiuf
  8640 | D:7      | Reached skill level 9 in Spellcasting
  8940 | D:7      | Reached * piety under Vehumet
  8940 | D:7      | Offered knowledge of Freeze by Vehumet.
  9148 | D:7      | Reached skill level 5 in Staves
  9272 | D:7      | Reached skill level 10 in Spellcasting
  9855 | D:8      | Gained mutation: You occasionally shout uncontrollably at
                  | your foes. [potion of mutation]
  9855 | D:8      | Gained mutation: Scrolls take you a little longer to read.
                  | [potion of mutation]
  9855 | D:8      | Gained mutation: Your large and strong wings let you fly
                  | indefinitely. [potion of mutation]
 10335 | D:8      | Reached skill level 1 in Evocations
 10373 | D:8      | Reached XP level 10. HP: 71/71 MP: 15/24
 10431 | D:8      | Found Arphegha's General Store.
 10439 | D:8      | Bought a +0 pair of gloves of dexterity for 161 gold pieces
 10465 | D:8      | Offered knowledge of Foxfire by Vehumet.
 10508 | D:8      | Reached ** piety under Vehumet
 10511 | D:8      | Learned a level 1 spell: Foxfire
 11367 | D:9      | Reached skill level 1 in Fire Magic
 11733 | D:9      | Reached skill level 11 in Spellcasting
 11897 | D:9      | Found Gozag's Platinum Reserve.
 11897 | D:9      | Found an opulent altar of Gozag.
 12017 | D:10     | Entered Level 10 of the Dungeon
 12017 | D:10     | Found a staircase to the Lair.
 12017 | D:10     | Noticed a death yak
 12019 | D:10     | Noticed a death yak
 12020 | D:10     | Noticed a death yak
 12069 | D:10     | Slain by a death yak

Illustrated notes

Levels and vault maps discovered:
D:1:      dpeg_arrival_another_circle, layout_loops_corners, minmay_cupped
D:2:      layout_basic, nicolae_overflow_crystal_walls
D:3:      layout_rooms, cheibrodos_sewer_entry_drain
D:4:      layout_loops_ring, serial_forest, infiniplex_forest_lined_4_way,
          infiniplex_forest_split, infiniplex_forest_fountain,
          infiniplex_forest_fountain, infiniplex_forest_clump_C,
          infiniplex_forest_lined_corner, infiniplex_forest_end_2,
          infiniplex_forest_lined_3, infiniplex_forest_clump_cross,
          infiniplex_forest_corner_2, uniq_blork_the_orc
D:5:      layout_rooms, serial_shops, nicolae_shop_crystal, shop, shop,
          nicolae_shop_behind_doors, uniq_pikel, uniq_duvessa
D:6:      layout_basic, grunt_temple_overflow_open, minmay_temple_entry_glass,
          uniq_crazy_yiuf_cottage
D:7:      layout_rooms
D:8:      layout_gridville, serial_shops,
          nicolae_shop_competitors_out_of_business
D:9:      layout_basic, nicolae_gozag_zags_fifth_avenue
D:10:     layout_loops_ring, dpeg_lair_monsters, uniq_gastronok
Temple:   nicolae_temple_great_sept

Skill      XL: |  1  2  3  4  5  6  7  8  9 10 |
---------------+-------------------------------+-----
Stealth        | 2 |  2.0
Dodging        | 2 |  2.0
Fighting       | 1 |  1.0
Spellcasting   | 4 6 7 8 10 11 | 11.0
Translocations | 2 3 5 |  5.4
Conjurations   | 5 6 |  6.9
Staves         | 3 6 7 |  7.2
Evocations     | 1 3 |  3.1
Fire Magic     | 2 |  2.2

Action                   |  1- 3 |  4- 6 |  7- 9 | 10-12 || total
-------------------------+-------+-------+-------+-------++-------
Melee: Unarmed           |    26 |    27 |       |       ||    53
       Tailslap          |     4 |     7 |     6 |       ||    17
       Flail             |       |    14 |    17 |       ||    31
       Whip              |       |       |    12 |       ||    12
       Quarterstaff      |       |       |     3 |       ||     3
       Staff             |       |       |    36 |       ||    36
Throw: Dart              |       |     7 |       |       ||     7
 Cast: Magic Dart        |    60 |    68 |    72 |    19 ||   219
       Searing Ray       |     9 |    30 |    59 |    24 ||   122
       Iskenderun's Myst |       |     3 |    25 |    11 ||    39
       Foxfire           |       |       |       |    10 ||    10
  Use: Scroll            |     7 |     4 |    14 |     1 ||    26
       Potion            |       |     8 |     1 |       ||     9
Armor: Skin              |    13 |    39 |    62 |     6 ||   120
Dodge: Dodged            |    38 |   110 |   184 |    45 ||   377
       Repelled          |       |       |     1 |       ||     1
